 Dungeon Crawl Stone Soup version 0.24.0-125-gc4c63601f3 (webtiles) character file.

Game seed: 7663736273109971752, levelgen mode: deterministic

135134 Johnny the Eclecticist (level 16, -7/108 HPs)
             Began as a Deep Elf Earth Elementalist on Feb 17, 2020.
             Was the Champion of Dithmenos.
             Mangled by a six-headed hydra (10 damage)
             ... on level 4 of the Swamp.
             The game lasted 01:01:05 (33553 turns).

Johnny the Eclecticist (DEEE)                      Turns: 33553, Time: 01:01:05

Health: -7/108     AC: 18    Str:  5    XL:     16   Next: 63%
Magic:  5/57       EV: 12    Int: 31    God:    Dithmenos [******]
Gold:   892        SH:  0    Dex: 15    Spells: 23/55 levels left

rFire    + + .     SeeInvis .   V - staff of power
rCold    + . .     Gourm    .   (no shield)
rNeg     . . .     Faith    .   H - +3 troll leather armour
rPois    +         Spirit   .   m - +2 hat {Int+3}
rElec    +         Reflect  .   E - scarf {rC+ rF+}
rCorr    .         Harm     .   u - +2 pair of gloves of Fulafabu {rElec rF+}
MR       +....                  K - +0 pair of boots
Stlth    +++.......             F - amulet of magic regeneration
HPRegen  0.68/turn              w - +5 ring of protection
MPRegen  0.60/turn              h - ring of poison resistance

@: very slightly contaminated, wreathed by umbra
A: no striking features
a: Shadow Step, Shadow Form, Renounce Religion


You were on level 4 of the Swamp.
You worshipped Dithmenos.
Dithmenos was exalted by your worship.
You were not hungry.

You visited 4 branches of the dungeon, and saw 27 of its levels.
You also visited: Sewer and Ice Cave.

You collected 3339 gold pieces.
You spent 2447 gold pieces at shops.

Inventory:

Hand Weapons
 O - the +7 morningstar "Gaicedd" {freeze, rF+ MR+ Str-2 Int+4}
   (You found it on level 1 of the Swamp)

   It has been specially enchanted to freeze those struck by it, causing extra
   injury to most foes and up to half again as much damage against particularly
   susceptible opponents.
   It can also slow down cold-blooded creatures.
   It affects your strength (-2).
   It affects your intelligence (+4).
   It protects you from fire.
   It affects your resistance to hostile enchantments.
Missiles
 b - 279 stones (quivered)
Armour
 m - a +2 hat of intelligence (worn)
 u - the +2 pair of gloves of Fulafabu (worn) {rElec rF+}
   (You acquired it on level 2 of the Orcish Mines)

   It protects you from fire.
   It insulates you from electricity.
 E - a scarf of resistance (worn)
 H - a +3 troll leather armour (worn)
 K - a +0 pair of boots (worn)
Magical Staves
 V - an uncursed staff of power (weapon)
Jewellery
 h - a ring of poison resistance (right hand)
 w - a +5 ring of protection (left hand)
 C - an uncursed ring of protection from cold
 F - an amulet of magic regeneration (around neck)
 P - an uncursed ring of protection from magic
 W - a +4 ring of protection
Wands
 y - a wand of paralysis (14)
 D - a wand of random effects (42)
 G - a wand of iceblast (12)
 T - a wand of polymorph (12)
Scrolls
 e - 6 scrolls of magic mapping
 j - 15 scrolls of remove curse
 n - 2 scrolls of holy word
 o - 6 scrolls of immolation
 q - 10 scrolls of teleportation
 r - 7 scrolls of noise
 s - 2 scrolls of identify
 v - 3 scrolls of blinking
 x - 6 scrolls of fog
Potions
 a - 2 potions of flight {unknown}
 c - 3 potions of agility
 f - 3 potions of haste
 i - 2 potions of resistance {unknown}
 k - a potion of magic {unknown}
 l - 2 potions of cancellation {unknown}
 p - 3 potions of degeneration {unknown}
 t - 9 potions of lignification
 z - 5 potions of might
 B - 16 potions of curing
 I - 2 potions of ambrosia {unknown}
 J - 3 potions of heal wounds
 L - 3 potions of brilliance {unknown}
 N - a potion of berserk rage {unknown}
Miscellaneous
 R - a phial of floods
Comestibles
 d - 46 rations


   Skills:
 - Level 15.0 Fighting
 - Level 2.4 Dodging
 - Level 2.4 Stealth
 + Level 20.2 Spellcasting
 - Level 1.1 Transmutations
 * Level 18.4 Earth Magic


You had 23 spell levels left.
You knew the following spells:

 Your Spells              Type           Power        Failure   Level  Hunger
a - Sandblast             Erth           ######       0%          1    None
b - Stone Arrow           Conj/Erth      ######       1%          3    None
c - Lee's Rapid Deconstr  Erth           #######...   1%          5    None
d - Petrify               Tmut/Erth      #######.     1%          4    None
e - Passwall              Tmut/Erth      #######.     1%          2    None
g - Blink                 Tloc           N/A          3%          2    None
h - Shatter               Erth           #######...   69%         9    ######.
o - Iron Shot             Conj/Erth      ######....   7%          6    None

Your spell library contained the following spells:

 Spells                   Type           Power        Failure   Level  Hunger
 Animate Skeleton         Necr           N/A          1%          1    None
 Apportation              Tloc           ####..       1%          1    None
 Beastly Appendage        Tmut           #####.       1%          1    None
 Confusing Touch          Hex            ####..       1%          1    None
 Freeze                   Ice            ####         1%          1    None
 Magic Dart               Conj           ####         1%          1    None
 Pain                     Necr           ####         1%          1    None
 Summon Small Mammal      Summ           ####         1%          1    None
 Sticks to Snakes         Tmut           #####...     1%          2    None
 Leda's Liquefaction      Hex/Erth       ######....   1%          4    None
 Call Imp                 Summ           ####....     3%          2    None
 Searing Ray              Conj           ####..       3%          2    None
 Slow                     Hex            ####....     3%          2    None
 Throw Frost              Conj/Ice       ####..       3%          2    None
 Spider Form              Tmut/Pois      ####......   4%          3    None
 Bolt of Magma            Conj/Fire/Erth ######....   4%          5    None
 Statue Form              Tmut/Erth      #######..    5%          6    None
 Confuse                  Hex            ####....     6%          3    None
 Conjure Flame            Conj/Fire      ####....     6%          3    None
 Dazzling Spray           Conj/Hex       ####..       6%          3    None
 Gell's Gravitas          Tloc           ####......   6%          3    None
 Mephitic Cloud           Conj/Pois/Air  ####....     6%          3    None
 Ozocubu's Armour         Chrm/Ice       ####....     6%          3    None
 Regeneration             Chrm/Necr      ####......   6%          3    None
 Vampiric Draining        Necr           ####......   6%          3    None
 Ice Form                 Ice/Tmut       ####....     16%         4    None
 Animate Dead             Necr           N/A          19%         4    None
 Force Lance              Conj/Tloc      ####....     19%         4    None
 Fulminant Prism          Conj/Hex       ####......   19%         4    None
 Iskenderun's Mystic Bla  Conj           ####....     19%         4    None
 Summon Ice Beast         Ice/Summ       ####....     19%         4    None
 Throw Icicle             Conj/Ice       ####....     19%         4    None
 Blade Hands              Tmut           #####.....   32%         5    None
 Yara's Violent Unravell  Hex/Tmut       ####......   38%         5    None
 Iskenderun's Battlesphe  Conj/Chrm      ####....     47%         5    None
 Metabolic Englaciation   Hex/Ice        ####......   47%         5    None
 Venom Bolt               Conj/Pois      ####......   47%         5    None
 Orb of Destruction       Conj           ####......   100%        7    ###....
 Spellforged Servitor     Conj/Summ      ####......   100%        7    ###....


Dungeon Overview and Level Annotations

Branches:
Dungeon (15/15)            Temple (0/1) D:5            Lair (6/6) D:9
  Swamp (4/4) Lair:2       Spider (0/4) Lair:2        Slime (0/5) Lair:5
    Orc (2/2) D:11            Elf (0/3) Orc:2        Vaults (0/5) D:14
 Depths (0/5) D:15          Sewer (visited)           IceCv (visited)

Altars:
Cheibriados
Dithmenos
Fedhas
Gozag
Hepliaklqana
Makhleb
Nemelex Xobeh
Qazlal
Ru
Sif Muna
Trog
Vehumet
Xom
The Shining One
Beogh

Shops:
D:8 :   D:12 :   Orc:2 (?=[[

Annotations:
D:11 2 transporters, exclusion: obsidian statue


Message History

The swamp drake roars!
The six-headed hydra bites you but does no damage.
The six-headed hydra bites you!
* * * LOW HITPOINT WARNING * * *
The six-headed hydra closely misses you.
The six-headed hydra bites you.
* * * LOW HITPOINT WARNING * * *
The six-headed hydra closely misses you.
The six-headed hydra bites you but does no damage.
A six-headed hydra comes into view.
The swamp drake bites you.
* * * LOW HITPOINT WARNING * * *
A bog body comes into view.
The swamp drake breathes noxious fumes at you.
The noxious blast engulfs the bog body but does no damage.
A bog body comes into view.
The six-headed hydra barely misses you.
The six-headed hydra bites you but does no damage.
The six-headed hydra bites you!
You die...

..♣♣♣≈≈≈♣♣≈#♣#≈≈≈♣♣♣≈≈≈≈≈≈≈≈≈≈≈
♣≈≈♣♣ ♣♣♣ ##♣.≈♣♣≈≈≈§≈..≈≈≈.
.≈# ####### #♣≈.♣♣<≈.≈..≈≈§.
#φ.≈≈..### ..≈≈≈≈≈≈..≈.
≈.≈≈≈≈.kn## ≈.≈≈.≈≈≈≈...
≈.≈≈≈≈kD○.##.≈.D.≈≈≈....
.≈≈≈≈○○nn....≈.≈.≈≈...§§
..≈≈≈)kkDD.♣ .≈.....≈≈
...≈≈.D@.♣ .f♣.≈≈≈≈ ...≈≈.###♣
♣†≈≈≈≈≈ ##.## ♣)≈D≈≈≈ ♣†DD≈☼○
♣.D§§§☼ ♣≈DDD§☼ ♣♣♣♣§☼§ ♣♣♣§ ♣♣


You could see 2 eight-headed hydras, 2 six-headed hydras, 3 bog bodies and 4
swamp drakes.

Vanquished Creatures
  Bai Suzhen (Swamp:3)
  A thorn hunter (Swamp:3)
  Gastronok (D:10)
  The ghost of LambertSimnel the Thaumaturge, an adept GnSk of Nemelex Xobeh (Orc:2)
  Louise (Swamp:1)
  A frost giant (D:14)
  2 entropy weavers (Lair:5)
  Nessos (Lair:6)
  Josephine (Lair:4)
  A fire dragon (D:15)
  2 ice dragons
  Harold (D:7)
  A catoblepas (Lair:6)
  11 hydras
  5 ghost crabs
  Erica (D:8)
  A death knight (D:14)
  3 centaur warriors
  2 two-headed ogres
  3 shambling mangroves
  8 death yaks
  A queen ant (Lair:5)
  A tengu warrior (D:15)
  12 alligators
  A deep troll shaman (Lair:6)
  An orc high priest (Orc:2)
  Nergalle (D:10)
  An unseen horror (D:11)
  5 skeletal warriors
  2 swamp dragons
  4 spriggan druids
  Pikel (D:5)
  A lindwurm (Lair:6)
  A wizard (D:14)
  A necromancer (IceCv)
  4 orc knights
  6 ugly things (D:15)
  An orc sorcerer (Orc:2)
  A deep elf mage (D:15)
  3 cyclopes
  A moth of wrath (Orc:2)
  4 elephants (Lair:6)
  A torpor snail (Lair:5)
  5 centaur zombies
  7 black mambas
  18 spiny frogs
  3 ice statues
  4 kobold demonologists
  5 rime drakes
  9 ice devils (IceCv)
  3 komodo dragons
  6 freezing wraiths
  An efreet (D:13)
  2 tengu conjurers
  9 tyrant leeches
  12 hornets
  9 trolls
  4 jumping spiders (Lair:2)
  A polar bear (Lair:6)
  6 bog bodies
  8 hippogriffs
  15 slime creatures
  A dream sheep (Lair:4)
  10 blink frogs
  Sigmund (D:4)
  4 redbacks (Lair:2)
  7 wraiths
  7 spriggans
  4 shadows
  4 wyverns
  A human (D:8)
  25 yaks
  3 hungry ghosts
  A basilisk (shapeshifter) (D:14)
  Grum (D:8)
  3 basilisks
  4 hogs (D:8)
  34 vampire mosquitoes
  A steam dragon (D:9)
  4 fire bats (D:9)
  Edmund (D:4)
  7 wargs (Orc:2)
  An acid dragon (D:13)
  Menkaure (D:7)
  9 swamp worms
  27 soldier ants (Lair:5)
  19 insubstantial wisps
  A hell hound (D:9)
  15 water moccasins
  7 porcupines
  5 sky beasts
  48 orc warriors
  A slave (D:5)
  18 swamp drakes
  3 ice beasts
  2 eyes of draining
  3 black bears
  6 phantoms
  9 ogres
  A necrophage (D:8)
  24 wolves
  20 centaurs
  15 crocodiles
  17 bullfrogs
  19 big kobolds
  A wyvern zombie (D:13)
  A gnoll sergeant (D:9)
  2 wyvern skeletons
  3 scorpions
  A water moccasin skeleton (D:10)
  4 killer bees (D:9)
  5 electric eels
  3 wights (D:12)
  5 howler monkeys
  2 crimson imps
  3 bullfrog zombies
  2 lava snakes (D:9)
  2 draconian simulacra (IceCv)
  3 bullfrog skeletons
  5 jellies
  A gnoll shaman (D:8)
  12 hounds
  14 orc priests
  24 orc wizards
  Terence (D:3)
  5 centaur skeletons
  5 iguanas
  22 worker ants
  3 troll simulacra (IceCv)
  A killer bee zombie (D:6)
  2 centaur simulacra (IceCv)
  A worker ant zombie (D:5)
  14 gnolls
  14 adders
  2 naga simulacra (IceCv)
  An ogre simulacrum (IceCv)
  2 river rats (Sewer)
  A shadow imp (D:15)
  6 oozes
  An adder skeleton (D:9)
  7 worms
  A dart slug (D:4)
  2 leopard geckos
  93 orcs
  A giant cockroach (D:4)
  3 goblins
  3 hobgoblins (D:1)
  8 jackals
  37 kobolds
  2 quokkas
  6 ball pythons
  5 bats
  6 frilled lizards (D:1)
  2 leopard gecko skeletons
  8 rats
  2 fire vortices (D:9)
  2 fungi
986 creatures vanquished.

Vanquished Creatures (collateral kills)
  An ogre mage (D:14)
  An orc warrior (Orc:2)
  An ogre (D:14)
  A bullfrog (D:14)
4 creatures vanquished.

Vanquished Creatures (others)
  4 dream sheep (Lair:4)
  A vampire mosquito (Swamp:3)
  2 insubstantial wisps (Swamp:3)
  3 slaves (D:5)
  A jelly (D:5)
  2 worker ants (D:5)
  An adder zombie (D:5)
  An orc (D:5)
  A fire vortex (D:9)
  11 fungi
  7 plants
34 creatures vanquished.

Grand Total: 1024 creatures vanquished

Notes
Turn   | Place    | Note
-------+----------+-------------------------------------------
     0 | D:1      | Johnny the Deep Elf Earth Elementalist began the quest for
                  | the Orb.
     0 | D:1      | Reached XP level 1. HP: 10/10 MP: 6/6
   218 | D:1      | Reached XP level 2. HP: 16/16 MP: 4/8
   235 | D:1      | Reached skill level 1 in Fighting
   709 | D:1      | Reached XP level 3. HP: 20/20 MP: 7/10
   868 | D:1      | Learned a level 2 spell: Passwall
  1004 | D:1      | Learned a level 3 spell: Stone Arrow
  1119 | D:2      | Noticed a fire elemental
  1122 | D:2      | Found a stormy altar of Qazlal.
  1207 | D:2      | Noticed a water elemental
  1214 | D:2      | Noticed an earth elemental
  1227 | D:2      | Noticed an air elemental
  1965 | D:3      | Noticed Terence
  1993 | D:3      | Killed Terence
  1993 | D:3      | Reached XP level 4. HP: 14/26 MP: 1/11
  2355 | D:3      | Reached skill level 4 in Spellcasting
  2393 | D:3      | Found a burning altar of Makhleb.
  2621 | D:4      | Paralysed by an orc for 2 turns
  2726 | D:4      | Noticed Sigmund
  2733 | D:4      | Killed Sigmund
  2733 | D:4      | Reached skill level 5 in Spellcasting
  2733 | D:4      | Reached XP level 5. HP: 13/32 MP: 10/14
  2733 | D:4      | Reached XP level 6. HP: 15/37 MP: 10/15
  2920 | D:4      | Learned a level 5 spell: Lee's Rapid Deconstruction
  2925 | D:4      | Learned a level 4 spell: Petrify
  3239 | D:4      | Found a sparkling altar of Nemelex Xobeh.
  3243 | D:4      | Found a hazy altar of Hepliaklqana.
  3248 | D:4      | Found a sacrificial altar of Ru.
  3322 | D:4      | Noticed Edmund
  3379 | D:4      | Killed Edmund
  3379 | D:4      | Reached skill level 5 in Earth Magic
  3625 | D:4      | Reached XP level 7. HP: 43/43 MP: 17/17
  4165 | D:5      | Entered Level 5 of the Dungeon
  4169 | D:5      | Noticed Pikel
  4213 | D:5      | Killed Pikel
  4213 | D:5      | Reached skill level 5 in Fighting
  4213 | D:5      | Reached skill level 6 in Spellcasting
  4213 | D:5      | Reached XP level 8. HP: 17/49 MP: 13/20
  4254 | D:5      | Found a glowing drain.
  4267 | Sewer    | Entered a sewer
  4720 | Sewer    | Reached skill level 7 in Spellcasting
  5306 | D:5      | Found an opulent altar of Gozag.
  5307 | D:5      | Found a shadowy altar of Dithmenos.
  5308 | D:5      | Found a shimmering blue altar of Sif Muna.
  5315 | D:5      | Became a worshipper of Dithmenos the Shadowed
  5390 | D:5      | Found a staircase to the Ecumenical Temple.
  5653 | D:5      | Got an ichor-stained spear
  5660 | D:5      | Got a faintly humming leather armour
  5671 | D:5      | Identified the +0 leather armour of the Realm of Zot {rCorr
                  | Str+6} (You found it on level 5 of the Dungeon)
  5673 | D:5      | Identified the +8 spear "Calo" {pain, Str+7} (You found it
                  | on level 5 of the Dungeon)
  5763 | D:5      | Reached skill level 8 in Spellcasting
  6019 | D:6      | Reached XP level 9. HP: 32/56 MP: 14/23
  6375 | D:6      | Reached * piety under Dithmenos
  7243 | D:7      | Found a bloodstained altar of Trog.
  7259 | D:7      | Noticed Menkaure
  7267 | D:7      | Killed Menkaure
  7326 | D:7      | Reached skill level 9 in Spellcasting
  7384 | D:7      | Noticed Harold
  7415 | D:7      | Killed Harold
  8100 | D:8      | Reached XP level 10. HP: 65/65 MP: 15/25
  8129 | D:8      | Reached ** piety under Dithmenos
  8280 | D:8      | Reached skill level 10 in Spellcasting
  8317 | D:8      | Noticed Erica
  8323 | D:8      | Killed Erica
  8929 | D:8      | Noticed Grum
  8940 | D:8      | Reached *** piety under Dithmenos
  8942 | D:8      | Killed Grum
  9133 | D:8      | Found Tyjiuxir's Book Shoppe.
  9139 | D:8      | Bought a book of Power for 630 gold pieces
  9383 | D:9      | Learned a level 6 spell: Iron Shot
  9423 | D:9      | Reached skill level 11 in Spellcasting
  9588 | D:9      | Reached skill level 10 in Fighting
  9734 | D:9      | Reached XP level 11. HP: 67/72 MP: 19/28
  9742 | D:9      | Found a staircase to the Lair.
  9799 | D:9      | Reached skill level 10 in Earth Magic
 10306 | D:9      | Reached **** piety under Dithmenos
 10608 | D:10     | Entered Level 10 of the Dungeon
 10898 | D:10     | Reached skill level 12 in Spellcasting
 11056 | D:10     | Noticed Nergalle
 11071 | D:10     | Killed Nergalle
 11279 | D:10     | Noticed Gastronok
 11289 | D:10     | Killed Gastronok
 11870 | D:11     | Reached ***** piety under Dithmenos
 12023 | D:11     | Found a staircase to the Orcish Mines.
 12077 | D:11     | Killed an unseen horror
 12077 | D:11     | Reached XP level 12. HP: 36/80 MP: 14/30
 12383 | D:11     | Found a transporter.
 12386 | D:11     | Noticed a vampire knight
 12403 | D:11     | Noticed a vampire knight
 12407 | D:11     | Found a transporter.
 12716 | D:12     | Noticed a death knight
 12724 | D:12     | Found a radiant altar of Vehumet.
 12935 | D:12     | Reached skill level 13 in Spellcasting
 13420 | D:12     | Found Pas Xale's Book Emporium.
 14079 | D:13     | Noticed a centaur warrior
 14086 | D:13     | Killed a centaur warrior
 14633 | D:14     | Noticed a frost giant
 14720 | D:14     | Killed a frost giant
 14738 | D:14     | Got the broad axe of Anger {freeze}
 14938 | D:14     | Identified the +3 broad axe of Anger {freeze, +Rage +Fly
                  | rElec Str-2} (You found it on level 14 of the Dungeon)
 14996 | D:14     | Noticed a two-headed ogre
 14998 | D:14     | Noticed an ogre mage
 15008 | D:14     | Killed a two-headed ogre
 15008 | D:14     | Reached skill level 14 in Spellcasting
 15012 | D:14     | Killed an ogre mage
 15022 | D:14     | Noticed an ice dragon
 15294 | D:14     | Reached XP level 13. HP: 74/87 MP: 2/33
 15454 | D:14     | Found a gate to the Vaults.
 15767 | Lair:1   | Entered Level 1 of the Lair of Beasts
 15816 | Lair:1   | Got a twisted robe
 15817 | Lair:1   | Identified the +1 robe of the True Pharaoh {rElec rC-
                  | Regen+} (You found it on level 1 of the Lair of Beasts)
 16742 | Lair:2   | Found a staircase to the Swamp.
 17010 | Lair:2   | Reached ****** piety under Dithmenos
 17012 | Lair:2   | Found a hole to the Spider Nest.
 18144 | Lair:3   | You fall into a shaft and drop 2 floors!
 18144 | Lair:5   | Found a frozen archway.
 18148 | IceCv    | Entered an ice cave
 18424 | IceCv    | Reached skill level 15 in Spellcasting
 18806 | IceCv    | Identified the +6 whip of Classification {drain, rN+}
 19325 | Lair:4   | Found a glowing golden altar of the Shining One.
 19638 | Lair:4   | Found a shimmering altar of Xom.
 19708 | Lair:4   | Found the +8 storm bow {elec, penet}
 19808 | Lair:4   | Noticed Josephine
 19816 | Lair:4   | Killed Josephine
 20220 | Lair:5   | Reached XP level 14. HP: 96/96 MP: 24/35
 20230 | Lair:5   | Noticed an entropy weaver
 20246 | Lair:5   | Killed an entropy weaver
 20462 | Lair:5   | Noticed an entropy weaver
 20474 | Lair:5   | Killed an entropy weaver
 21204 | Lair:5   | Found a staircase to the Slime Pits.
 21503 | Lair:6   | Entered Level 6 of the Lair of Beasts
 21782 | Lair:6   | Reached skill level 16 in Spellcasting
 22317 | Lair:6   | Reached skill level 15 in Fighting
 23082 | Lair:6   | Noticed Nessos
 23086 | Lair:6   | Killed Nessos
 23747 | Orc:1    | Entered Level 1 of the Orcish Mines
 24429 | Orc:2    | Entered Level 2 of the Orcish Mines
 24587 | Orc:2    | Found a roughly hewn altar of Beogh.
 24677 | Orc:2    | Found a staircase to the Elven Halls.
 24685 | Orc:2    | Found Nasets's Antique Weapon Shoppe.
 24790 | Orc:2    | Reached skill level 17 in Spellcasting
 25061 | Orc:2    | Reached XP level 15. HP: 103/103 MP: 24/38
 25271 | Orc:2    | Reached skill level 15 in Earth Magic
 25672 | Orc:2    | Found a transporter.
 25673 | Orc:2    | Noticed LambertSimnel's ghost (adept GnSk)
 25731 | Orc:2    | Found a transporter.
 25861 | Orc:2    | Found Ickucsicu's Antique Armour Shoppe.
 25861 | Orc:2    | Found Siublogo's Jewellery Shop.
 25863 | Orc:2    | Found Asiklelo's Magic Scroll Boutique.
 25865 | Orc:2    | Found Poys's Antique Armour Emporium.
 25872 | Orc:2    | Bought a scroll of identify for 34 gold pieces
 25872 | Orc:2    | Bought a scroll of identify for 34 gold pieces
 25878 | Orc:2    | Identified a scroll of acquirement
 25889 | Orc:2    | Got a pair of jewelled gloves
 25895 | Orc:2    | Identified the +2 pair of gloves of Fulafabu {rElec rF+}
                  | (You acquired it on level 2 of the Orcish Mines)
 25899 | Orc:2    | Bought a scroll of enchant armour for 127 gold pieces
 25899 | Orc:2    | Bought a scroll of magic mapping for 59 gold pieces
 25899 | Orc:2    | Bought a scroll of teleportation for 51 gold pieces
 25899 | Orc:2    | Bought a scroll of fog for 34 gold pieces
 25899 | Orc:2    | Bought a scroll of fog for 34 gold pieces
 25904 | Orc:2    | Bought a blackened ring mail for 297 gold pieces
 25904 | Orc:2    | Bought a spiked scale mail for 297 gold pieces
 25915 | Orc:2    | Identified the +1 ring mail of the Poles {+Fly rC+} (You
                  | bought it in a shop on level 2 of the Orcish Mines)
 25925 | Orc:2    | Identified the +6 scale mail of the Comet {Stlth+} (You
                  | bought it in a shop on level 2 of the Orcish Mines)
 26298 | Orc:2    | Killed LambertSimnel's ghost
 26492 | D:12     | Bought a book of the Earth for 650 gold pieces
 26492 | D:12     | Bought a book of Minor Magic for 200 gold pieces
 26495 | D:12     | Learned a level 2 spell: Blink
 26505 | D:12     | Learned a level 9 spell: Shatter
 26996 | D:15     | Entered Level 15 of the Dungeon
 27294 | D:15     | Reached skill level 18 in Spellcasting
 28310 | D:15     | Found a blossoming altar of Fedhas.
 28418 | D:15     | Found a staircase to the Depths.
 28498 | D:15     | Found a shadowy altar of Dithmenos.
 28706 | Swamp:1  | Entered Level 1 of the Swamp
 29096 | Swamp:1  | Got a translucent morningstar
 29097 | Swamp:1  | Identified the +7 morningstar "Gaicedd" {freeze, rF+ MR+
                  | Str-2 Int+4} (You found it on level 1 of the Swamp)
 29548 | Swamp:1  | Noticed Louise
 29561 | Swamp:1  | Reached skill level 19 in Spellcasting
 29565 | Swamp:1  | Killed Louise
 30367 | Swamp:2  | Reached XP level 16. HP: 108/108 MP: 41/41
 30441 | Swamp:2  | Found a snail-covered altar of Cheibriados.
 31174 | Swamp:3  | Noticed a thorn hunter
 31181 | Swamp:3  | Killed a thorn hunter
 31449 | Swamp:3  | Noticed Bai Suzhen
 32295 | Swamp:3  | Paralysed by a hornet for 2 turns
 32695 | Swamp:4  | Entered Level 4 of the Swamp
 33048 | Swamp:3  | Killed Bai Suzhen
 33048 | Swamp:3  | Reached skill level 20 in Spellcasting
 33504 | Swamp:4  | Noticed a thorn hunter
 33553 | Swamp:4  | HP: 3/108 [swamp drake (3)]
 33553 | Swamp:4  | Mangled by a six-headed hydra

Levels and vault maps discovered:
D:1:      dpeg_arrival_yet_another_circle, layout_rooms, serial_glass,
          glass_columns_c, glass_columns_b, due_unseen_surprise,
          minmay_strange_pillars, minmay_misc_feat_hallway, minmay_tromino_v4_c
D:2:      layout_basic, nicolae_qazlal_style_of_elements
D:3:      layout_basic, nicolae_overflow_crystal_walls, uniq_terence
D:4:      layout_layer_cave, minmay_overflow_temple_star_quad, uniq_sigmund,
          uniq_edmund
D:5:      layout_loops_ring, chequers_temple_overflow_statue_of_worship,
          minmay_temple_entry_hall, first_ration, portal_sewer_entry_d,
          kennysheep_doodads, uniq_pikel
D:6:      lemuel_ice_spiral_2, layout_basic
D:7:      layout_loops_cross, lemuel_doored_altar, uniq_menkaure, uniq_harold
D:8:      minmay_goldmine, layout_basic, serial_shops, nicolae_shop_crystal,
          grunt_livestock, uniq_erica, uniq_grum
D:9:      layout_gridville, erik_lair_island, hangedman_decor_lopped,
          serial_park_tiny_pond, hangedman_incinerator
D:10:     lemuel_ice_statue, layout_irregular_city, serial_column_ruins,
          column_ruins_columns_straight, column_ruins_open_tiny,
          column_ruins_open_tiny, uniq_nergalle, uniq_gastronok
D:11:     gammafunk_sealed_arena, layout_basic, david_orc_4
D:12:     layout_basic, basic_altar, serial_shops, nicolae_shop_crystal
D:13:     layout_roguey
D:14:     minmay_coctagon, layout_irregular_city, david_vaults_4,
          chequers_serial_rivers_room_b
D:15:     grunt_enter_depths_hoard, layout_rooms, fedhas_altar_4,
          grunt_dithmenos_shadows
Lair:1:   layout_cave_pods
Lair:2:   layout_cave_pods, skrybe_swamp_entry_bodies,
          nicolae_spider_entry_tight_spaces, lemuel_fruit_fields
Lair:3:   layout_roguey
Lair:4:   layout_regular_city, basic_altar, kb_xom_exploding_sheep,
          infiniplex_staircase_pool_2, serial_bayou_shore_b, uniq_josephine
Lair:5:   layout_hall_layers, nicolae_slime_entry_slimehenge,
          portal_ice_cave_entry_pillars_1, minivault_29, grunt_megastairs_4,
          serial_bayou_shore_a
Lair:6:   grunt_lair_end_beastmaster, layout_loops_ring, uniq_nessos
Swamp:1:  layout_basic_swamp, hangedman_swamp_blocks, uniq_louise
Swamp:2:  layout_basic_swamp, lemuel_altar_in_water, swamp_pool1
Swamp:3:  layout_falls_marsh, nicolae_swamp_fairy_circle, swamp_pool5,
          uniq_bai_suzhen
Swamp:4:  swamp_alternative, layout_basic_swamp
Orc:1:    layout_caves
Orc:2:    st_orc_rangers, layout_diamond_mine, serial_shops, shop, basic_altar,
          gammafunk_ghost_berserking_beasts

Skill      XL: |  1  2  3  4  5  6  7  8  9 10 11 12 13 14 15 16 |
---------------+-------------------------------------------------+-----
Fighting       | 1 2 3 4 5 6 8 10 11 12 14 15 | 15.0
Earth Magic    | 4 5 6 7 8 9 11 12 13 14 16 18 | 18.4
Spellcasting   | 5 6 8 9 11 12 14 15 17 19 20 | 20.2
Dodging        | |  2.4
Stealth        | |  2.4
Transmutations | |  1.1

Action                   |  1- 3 |  4- 6 |  7- 9 | 10-12 | 13-15 | 16-18 || total
-------------------------+-------+-------+-------+-------+-------+-------++-------
Melee: Unarmed           |     4 |       |       |       |       |       ||     4
       Dagger            |    37 |    58 |   236 |   164 |       |       ||   495
       Short sword       |    29 |    19 |       |       |       |       ||    48
       Spear             |       |       |    71 |       |       |       ||    71
       Staff             |       |       |       |       |   113 |       ||   113
Throw: Stone             |       |       |       |     3 |     6 |       ||     9
 Cast: Sandblast         |    49 |    25 |    34 |   203 |   309 |    20 ||   640
       Stone Arrow       |     3 |       |    46 |   142 |   359 |    22 ||   572
       Passwall          |     2 |       |       |       |       |       ||     2
       Lee's Rapid Decon |       |       |     6 |    70 |   147 |     4 ||   227
       Petrify           |       |       |     6 |     4 |    14 |     2 ||    26
       Iron Shot         |       |       |       |       |   127 |   161 ||   288
       Blink             |       |       |       |       |     6 |     2 ||     8
Evoke: Wand              |       |     2 |     6 |    16 |    38 |     2 ||    64
       Phial of floods   |       |       |       |     1 |       |       ||     1
       Box of beasts     |       |       |       |       |     2 |       ||     2
  Use: Potion            |       |     2 |     1 |       |       |     1 ||     4
       Scroll            |       |       |    12 |    16 |    14 |     5 ||    47
 Stab: Sleeping          |     1 |     2 |     8 |     4 |     1 |       ||    16
       Paralysed         |       |     3 |    12 |       |       |       ||    15
       Distracted        |       |       |       |       |     2 |       ||     2
  Eat: Chunk             |     1 |     4 |    13 |    23 |    35 |       ||    76
       Ration            |     1 |       |     1 |     1 |     4 |     3 ||    10
Armor: Robe              |    24 |    24 |    38 |       |       |       ||    86
       Leather armour    |       |       |    24 |    15 |       |       ||    39
       Troll leather arm |       |       |       |    99 |   305 |    85 ||   489
Dodge: Dodged            |    51 |    40 |   187 |   279 |   378 |    71 ||  1006
